Map: Ascension to Aiur LE

Players

NinjaSquid - Winner!

  • Race: Protoss Protoss
  • Spawn Location: 11:00

Yata

  • Race: Zerg Zerg
  • League: Silver
  • Spawn Location: 5:00

VOD

Have the link to the VOD?

Description

Time

  • Played on: July 21, 2017, 3:26 p.m.
  • Length: 14:58
Show
View Real Time Build Order
Export as new Build Order

NinjaSquid Protoss - Winner!

Build Orders:  

Get SALT Encoding   

  12  0:04  Probe (Chrono Boost)  
  13  0:16  Probe (Chrono Boost)  
  14  0:31  Probe (Chrono Boost)  
  15  0:40  Pylon  
  15  0:49  Assimilator  
  15  0:52  Assimilator  
  15  0:58  Probe (Chrono Boost)  
  15  1:03  Gateway  
  16  1:09  Gateway, Probe (Chrono Boost)  
  17  1:28  Gateway  
  17  1:30  Gateway  
  17  1:48  Gateway  
  17  1:53  Nexus  
  17  1:54  Probe (Chrono Boost)  
  18  2:04  Probe (Chrono Boost)  
  19  2:20  Zealot x2  
  23  2:25  Cybernetics Core  
  23  2:52  Pylon  
  23  3:02  Warp Gate  
  23  3:04  Adept, Zealot  
  27  3:06  Mothership Core (Chrono Boost)  
  27  3:10  Pylon  
  28  3:34  Probe (Chrono Boost)  
  28  3:35  Probe (Chrono Boost)  
  28  3:39  Pylon  
  30  3:41  Adept  
  30  3:45  Probe x2 (Chrono Boost)  
  34  4:05  Probe x2 (Chrono Boost)  
  34  4:09  Stargate  
  36  4:15  Probe x2 (Chrono Boost)  
  38  4:28  Probe x2 (Chrono Boost)  
  40  4:33  Adept  
  40  4:34  Assimilator  
  40  4:35  Adept  
  40  4:38  Assimilator  
  44  4:39  Probe x2 (Chrono Boost)  
  46  4:46  Forge  
  46  4:56  Probe (Chrono Boost)  
  46  4:57  Probe (Chrono Boost)  
  46  4:58  Oracle  
  52  5:07  Probe (Chrono Boost)  
  52  5:09  Twilight Council  
  52  5:14  Pylon  
  52  5:19  Probe x2 (Chrono Boost)  
  52  5:29  Probe (Chrono Boost)  
  52  5:30  Probe (Chrono Boost)  
  54  5:38  Protoss Ground Weapons Level 1  
  54  5:40  Probe x2 (Chrono Boost)  
  56  5:47  Gateway  
  56  5:50  Gateway, Probe (Chrono Boost)  
  57  5:58  Adept  
  57  5:59  Adept x2  
  62  6:23  Stalker  
  62  6:24  Stalker x2  
  70  6:32  Probe (Chrono Boost)  
  70  6:33  Probe (Chrono Boost)  
  70  6:53  Pylon  
  70  6:56  Pylon  
  70  7:00  Pylon  
  70  7:08  Nexus  
  70  7:10  Pylon  
  70  7:12  Pylon  
  70  7:15  Pylon  
  70  7:37  Oracle  
  70  7:39  Adept x2  
  77  7:57  Zealot  
  79  8:31  Probe x3 (Chrono Boost)  
  82  8:41  Probe (Chrono Boost)  
  82  8:42  Probe x2 (Chrono Boost)  
  85  8:49  Stalker x2  
  85  8:50  Stalker  
  85  8:52  Probe x3 (Chrono Boost)  
  92  9:00  Charge  
  94  9:02  Probe (Chrono Boost)  
  94  9:03  Probe x2 (Chrono Boost)  
  95  9:13  Probe x3 (Chrono Boost)  
  95  9:15  Forge  
  95  9:16  Forge  
  98  9:33  Stalker x4  
  98  9:34  Stalker  
  108  9:48  Probe x3 (Chrono Boost)  
  111  9:56  Assimilator  
  111  9:57  Zealot x3  
  111  9:58  Zealot x2  
  121  10:00  Assimilator  
  121  10:02  Pylon  
  121  10:16  Robotics Facility  
  121  10:18  Robotics Facility  
  121  10:33  Probe x2 (Chrono Boost)  
  121  10:34  Probe (Chrono Boost)  
  124  10:44  Probe x2 (Chrono Boost)  
  126  10:50  Zealot x4  
  126  10:51  Zealot, Nexus  
  126  10:54  Pylon  
  137  10:57  Pylon, Probe x3 (Chrono Boost)  
  137  11:00  Pylon  
  139  11:07  Probe (Chrono Boost)  
  137  11:38  Zealot x5  
  147  11:48  Observer  
  147  11:49  Immortal  
  152  12:09  Blink  
  152  12:12  Zealot  
  152  12:13  Zealot x4  
  156  12:37  Probe x4 (Chrono Boost)  
  158  12:44  Photon Cannon  
  158  12:45  Photon Cannon  
  158  12:46  Photon Cannon  
  158  12:47  Probe x2 (Chrono Boost)  
  158  12:48  Photon Cannon, Probe (Chrono Boost)  
  158  12:49  Probe (Chrono Boost)  
  158  12:50  Photon Cannon  
  162  12:51  Photon Cannon  
  162  12:54  Photon Cannon  
  162  12:55  Photon Cannon  
  162  12:56  Photon Cannon  
  162  12:58  Probe (Chrono Boost)  
  163  13:08  Nexus  
  163  13:10  Pylon  
  163  13:12  Pylon  
  163  13:14  Pylon  
  163  13:16  Pylon  
  163  13:18  Pylon  
  163  13:22  Templar Archives  
  155  13:54  Stalker x5  
  165  14:14  Gateway x2  
  122  14:31  Probe x3 (Chrono Boost)  
  125  14:32  Probe x2 (Chrono Boost)  
  125  14:33  Zealot x5  
  145  14:41  Probe (Chrono Boost)  
  145  14:42  Probe (Chrono Boost)  
Show
View Real Time Build Order
Export as new Build Order

Yata Zerg 

Build Orders: Hatch First 

Get SALT Encoding   

  12  0:01  Drone  
  13  0:13  Overlord  
  13  0:17  Drone  
  14  0:31  Drone x2  
  14  0:35  Drone  
  17  0:55  Hatchery  
  16  0:58  Drone  
  16  0:59  Drone  
  18  1:13  Extractor  
  18  1:15  Spawning Pool  
  18  1:18  Drone  
  17  1:22  Drone  
  18  1:28  Drone  
  19  1:40  Overlord  
  19  1:50  Drone  
  20  2:00  Drone  
  21  2:03  Queen  
  21  2:07  Queen  
  25  2:12  Zergling x4  
  27  2:18  Drone  
  28  2:24  Drone  
  28  2:26  Metabolic Boost  
  29  2:33  Evolution Chamber  
  28  2:39  Baneling Nest  
  27  2:55  Drone  
  27  2:56  Drone x4  
  27  2:58  Overlord  
  32  3:18  Drone x5  
  37  3:31  Queen  
  37  3:32  Hatchery  
  38  3:34  Drone  
  38  3:35  Drone x2  
  38  3:37  Extractor  
  40  3:42  Pneumatized Carapace  
  38  4:19  Zergling x6  
  38  4:20  Zergling x2  
  42  4:28  Drone  
  42  4:29  Drone  
  44  4:43  Overlord x3, Queen  
  46  5:00  Drone  
  46  5:01  Drone x4  
  46  5:02  Drone  
  51  5:43  Drone x8  
  51  5:46  Drone x5  
  51  5:47  Drone  
  63  6:23  Zergling x2  
  63  6:24  Zergling x16  
  72  7:14  Queen  
  69  7:27  Spore Crawler  
  64  7:36  Spore Crawler x2  
  57  7:43  Zergling x6  
  57  7:44  Zergling x4  
  53  7:51  Drone  
  53  7:52  Drone x8  
  53  7:53  Drone  
  53  7:57  Drone x7  
  70  8:08  Lair  
  70  8:12  Zerg Melee Weapons Level 1  
  70  8:18  Hatchery  
  69  8:29  Zergling x2  
  69  8:30  Zergling x8  
  74  8:45  Hatchery  
  71  9:34  Queen  
  73  9:51  Drone  
  73  9:52  Drone x6  
  80  10:07  Spore Crawler  
  80  10:09  Queen  
  81  10:16  Queen  
  83  10:26  Overlord x4  
  83  10:27  Overlord  
  83  10:39  Spire  
  82  10:45  Hydralisk Den  
  83  10:52  Infestation Pit  
  80  11:18  Hatchery  
  79  11:26  Spore Crawler  
  78  11:41  Hydralisk  
  78  11:42  Hydralisk x14  
  78  11:43  Hydralisk x6  
  120  11:53  Overlord x11  
  120  11:54  Overlord x17  
  120  12:08  Baneling x9  
  120  12:09  Baneling x9  
  118  12:31  Zergling x2  
  118  12:32  Zergling x28  
  133  12:59  Baneling x8  
  133  13:00  Baneling x9  
  96  14:24  Hydralisk x7  
Tags
 
League
Silver
Matchup
PvZ
Replay Pack
Pack 1
Spawn Locations
Cross Positions
Add a new tag
Caveats
  • Supply blocks, unpowered buildings, or Contaminate may cause inaccurate times.
  • Supply counts are checked every 10 seconds.